 Dungeon Crawl Stone Soup version 0.28-a0-2-g643f2454ad (webtiles) character file.

Game seed: 17433010330888345770

35 funkygono the Firebug (level 3, -3/19 HPs)
             Began as a Gargoyle Fire Elementalist on July 23, 2021.
             Slain by Sigmund (9 damage)
             ... on level 2 of the Dungeon.
             The game lasted 00:03:22 (1855 turns).

funkygono the Firebug (Gargoyle Fire Elementalist)  Turns: 1855, Time: 00:03:22

Health: -3/19      AC:  5    Str: 11    XL:     3   Next: 35%
Magic:  0/6        EV: 12    Int: 16    God:
Gold:   83         SH:  0    Dex: 10    Spells: 2/6 levels left

rFire   . . .      SeeInvis .   d - +0 whip (drain)
rCold   . . .      Faith    +   (no shield)
rNeg    + . .      Spirit   .   a - +0 robe
rPois   ∞          Reflect  .   (no helmet)
rElec   +          Harm     .   (no cloak)
rCorr   .          Rampage  .   (no gloves)
Will    .....                   (no boots)
Stlth   ++........              g - amulet of faith
HPRegen 0.06/turn               (no ring)
MPRegen 0.10/turn               (no ring)

@: no status effects
A: sickness immunity, AC +3, negative energy resistance 1, electricity
resistance, torment resistance 1, petrification resistance
a: no special abilities


You were on level 2 of the Dungeon.
You visited 1 branch of the dungeon, and saw 2 of its levels.

You collected 83 gold pieces.

Inventory:

Hand Weapons
 c - a +0 dagger of venom
 d - a +0 whip of draining (weapon)
Armour
 a - a +0 robe (worn)
Jewellery
 g - an amulet of faith (around neck)
Potions
 b - a potion of curing {unknown}
 e - 2 potions of haste {unknown}


   Skills:
 + Level 0.2 Fighting
 + Level 1.7 Dodging
 - Level 2.1 Stealth
 * Level 2.3 Spellcasting
 * Level 1.5 Conjurations
 * Level 3.8 Fire Magic


You had 2 spell levels left.
You knew the following spells:

 Your Spells              Type           Power      Damage    Failure   Level
a - Foxfire               Conj/Fire      40%        2x1d6     7%          1
b - Conjure Flame         Conj/Fire      10%        6-21      21%         3

Your spell library contained the following spells:

 Spells                   Type           Power      Damage    Failure   Level
 Inner Flame              Hex/Fire       8%         N/A       26%         3
 Sticky Flame             Conj/Fire      10%        2d3       54%         4
 Fireball                 Conj/Fire      5%         3d5       88%         5


Dungeon Overview and Level Annotations

Branches:
Dungeon (2/15)

Altars:

Annotations:
D:2 Sigmund


Innate Abilities, Weirdness & Mutations

You are immune to sickness and miasma.
Your stone body is resilient. (AC +3)
You are immune to poison.
You resist negative energy. (rN+)
You are resistant to electric shocks. (rElec)
You are resistant to unholy torment.
You are immune to petrification.


Message History

Sigmund is lightly wounded.
The foxfire hits Sigmund.
Sigmund is moderately wounded.
The foxfire hits Sigmund.
Sigmund is moderately wounded.
Casting: Foxfire (safe; 7% risk of failure)
Confirm with . or Enter, or press ? or * to list all spells.
You conjure some foxfire!
The foxfire hits Sigmund.
Sigmund is heavily wounded.
Sigmund hits you from afar with a +0 scythe.
Unknown command.
Casting: Foxfire (safe; 7% risk of failure)
Confirm with . or Enter, or press ? or * to list all spells.
You conjure some foxfire!
Sigmund misses you.
Unknown command.
Casting: Foxfire (safe; 7% risk of failure)
Confirm with . or Enter, or press ? or * to list all spells.
You conjure some foxfire!
The foxfire hits Sigmund but does no damage.
Sigmund is heavily wounded.
The foxfire hits Sigmund.
Sigmund is heavily wounded.
The foxfire hits Sigmund.
Sigmund is heavily wounded.
Sigmund hits you from afar with a +0 scythe.
The foxfire hits Sigmund.
Sigmund is heavily wounded.
Sigmund hits you from afar with a +0 scythe.
The foxfire hits Sigmund.
Sigmund is severely wounded.
The foxfire hits Sigmund.
Sigmund is severely wounded.
Sigmund mumbles some strange words.
Sigmund flickers and vanishes!
Deactivating autopickup; reactivate with Ctrl-A.
There is a stone staircase leading up here.
Casting: Foxfire (safe; 7% risk of failure)
Confirm with . or Enter, or press ? or * to list all spells.
You conjure some foxfire!
Something hits you!
You die...

##..#...#{.##...#.....###.
#####.....#####............
#...............#.......#...
#......⌠...{.................
#.............####...........
#####.....###....#.......#...
##.)#...#'.##.....<........
#...#...#.v.#..........#..
#<.##...##v@#.....@......[
#####....####.............
#####.# #.#..#.....r..
#.###..†.##B##.... #..##.....
....... ##....###...)...?.
#..### ......@.. #..#
........ ...# .#. ....


There were no monsters in sight!

Vanquished Creatures
  2 ball pythons
  2 endoplasms (D:1)
  5 giant cockroaches
  3 goblins
  A hobgoblin (D:1)
  3 jackals (D:1)
  2 quokkas
  5 bats (D:1)
  2 frilled lizards (D:2)
  3 kobolds (D:1)
  4 rats
32 creatures vanquished.

Vanquished Creatures (others)
  101 foxfires
  2 plants (D:1)
  8 withered plants (D:1)
111 creatures vanquished.

Grand Total: 143 creatures vanquished

Notes
Turn   | Place    | Note
-------+----------+-------------------------------------------
     0 | D:1      | funkygono the Gargoyle Fire Elementalist began the quest
                  | for the Orb.
     0 | D:1      | Reached XP level 1. HP: 10/10 MP: 3/3
   206 | D:1      | Reached XP level 2. HP: 15/15 MP: 3/5
   490 | D:1      | Found a faded altar of an unknown god.
   796 | D:1      | Reached XP level 3. HP: 19/19 MP: 3/6
   802 | D:1      | Learned a level 3 spell: Conjure Flame
  1299 | D:2      | Noticed Sigmund
  1855 | D:2      | Slain by Sigmund

Illustrated notes

Levels and vault maps discovered:
D:1:      nzn_arrival_depleted_hourglass, layout_rooms,
          shapermc_ecumenical_altar_flowoftime
D:2:      layout_rooms, serial_shops, shop, minivault_23, grunt_ministairs_6,
          kennysheep_jessica_study, uniq_jessica, uniq_natasha, uniq_sigmund

Action                   || total
-------------------------++-------
Melee: Whip              ||    16
 Cast: Foxfire           ||    61
  Use: Scroll            ||     3
 Stab: Sleeping          ||     1
Armor: Robe              ||     8
Dodge: Dodged            ||     7

Table legend: (Time is in decaauts)
 A = Elapsed time spent in this place.
 B = Non-inter-level travel time spent in this place.
 C = Inter-level travel time spent in this place.
 D = Time resting spent in this place.
 E = Time spent auto-exploring this place.
 F = Levels seen in this place.
 G = Mean time per level.
                   A        B        C        D        E       F      G
               +--------+--------+--------+--------+--------+-----+--------+
         Total |   1857 |   1811 |     46 |    484 |    969 |   2 |  928.5 |
       Dungeon |   1857 |   1811 |     46 |    484 |    969 |   2 |  928.5 |
               +--------+--------+--------+--------+--------+-----+--------+

Top non-repeatable levels by time:
     D:1: 1532 daAuts
     D:2: 324 daAuts
